 Dungeon Crawl Stone Soup version 0.30-a0-918-g0ff054e9dc (webtiles) character file.

Game seed: 16524748039475013179

2613 NinjaNoafa the Thaumaturge (level 9, 0/93 HPs)
             Began as a White Draconian Conjurer on Mar 17, 2023.
             Killed from afar by a steam dragon (21 damage)
             ... with a ball of steam
             ... on level 7 of the Dungeon on Mar 20, 2023.
             The game lasted 00:17:02 (4883 turns).

NinjaNoafa the Thaumaturge (DrCj)                   Turns: 4883, Time: 00:17:03

Health: 0/93       AC: 24    Str:  9    XL:     9   Next: 34%
Magic:  2/22       EV:  2    Int: 22    God:
Gold:   372        SH:  0    Dex: 15    Spells: 16/27 levels left

rFire   . . .      SeeInvis .    a - +3 whip of Past Mistakes {spect, Fly Str-2 Dex+6}
rCold   . . .      Faith    .    (no shield)
rNeg    . . .      Spirit   .    (body armour unavailable)
rPois   +          Reflect  .    z - melded +0 hat
rElec   .          Rampage  .    c - melded +0 cloak
rCorr   .          NoTele   +    K - melded +0 pair of gloves
Will    .....                    r - melded +2 pair of boots
Stlth   ++                       (no amulet)
HPRegen 0.35/turn                D - +4 ring of slaying
MPRegen 0.18/turn                k - +5 ring of evasion

@: short of breath, tree-form
A: stationary, stasis, torment immunity, boosted hp, (breathe frost), AC +7,
unfitting armour, (cold resistance 1), (cold-blooded)
a: no special abilities


You were on level 7 of the Dungeon.
You were a tree.
You visited 2 branches of the dungeon, and saw 8 of its levels.

You collected 372 gold pieces.

Inventory:

Hand Weapons
 a - the +3 whip of Past Mistakes (weapon) {spect, Fly Str-2 Dex+6}
   (You found it on level 6 of the Dungeon)

   Str:       It affects your strength (-2).
   Dex:       It affects your dexterity (+6).
   Fly:       It grants you flight.
Missiles
 v - 4 datura-tipped darts
 F - 5 poisoned darts
 J - 2 curare-tipped darts
Armour
 c - a +0 cloak (melded)
 r - a +2 pair of boots (melded)
 z - a +0 hat (melded)
 K - a +0 pair of gloves (melded)
Magical Staves
 C - a staff of poison
Jewellery
 b - a ring of positive energy
 k - a +5 ring of evasion (right branch)
 D - a +4 ring of slaying (left branch)
Wands
 p - a wand of iceblast (4)
 G - a wand of flame (14)
 I - a wand of paralysis (6)
Scrolls
 h - a scroll of enchant armour {unknown}
 i - 2 scrolls of vulnerability {unknown}
 l - 3 scrolls of noise {unknown}
 m - 5 scrolls of identify {unknown}
 o - a scroll of acquirement {unknown}
 s - a scroll of blinking {unknown}
 t - 3 scrolls of fear {unknown}
 w - a scroll of brand weapon {unknown}
 y - 3 scrolls of fog {unknown}
 A - 2 scrolls of teleportation {unknown}
 B - a scroll of amnesia {unknown}
 E - a scroll of immolation {unknown}
 H - a scroll of torment {unknown}
Potions
 d - 2 potions of ambrosia {unknown}
 e - 2 potions of cancellation {unknown}
 f - 5 potions of curing {unknown}
 g - 2 potions of flight {unknown}
 j - 3 potions of magic
 n - 4 potions of lignification
 q - 3 potions of heal wounds
 u - a potion of brilliance {unknown}
 x - a potion of mutation {unknown}


   Skills:
 - Level 1.7 Dodging
 - Level 1.7 Stealth
 + Level 9.7 Spellcasting
 - Level 6.0 Conjurations
 - Level 6.0 Translocations


You had 16 spell levels left.
You knew the following spells:

 Your Spells              Type           Power      Damage    Failure   Level
a - Magic Dart            Conj           100%       1d8       1%          1
b - Searing Ray           Conj           74%        2d7       1%          2
c - Momentum Strike       Conj/Tloc      74%        3d10      1%          2
e - Blink                 Tloc           74%        N/A       1%          2
i - Iskenderun's Mystic   Conj/Tloc      37%        2d9       5%          4

Your spell library contained the following spells:

 Spells                   Type           Power      Damage    Failure   Level
 Apportation              Tloc           74%        N/A       1%          1
 Lesser Beckoning         Tloc           74%        N/A       1%          2
 Dazzling Flash           Conj/Hex       46%        N/A       5%          3
 Necrotise                Necr           40%        1d6       6%          1
 Sting                    Tmut/Pois      40%        1d5       6%          1
 Summon Small Mammal      Summ           40%        N/A       6%          1
 Poisonous Vapours        Pois/Air       20%        N/A       10%         2
 Scorch                   Fire           20%        2d6       10%         2
 Frozen Ramparts          Ice            20%        1d4       19%         3
 Ozocubu's Armour         Ice            10%        N/A       19%         3
 Flame Wave               Conj/Fire      23%        2d8       19%         4
 Fulminant Prism          Conj/Hex       11%        3d9       19%         4
 Olgreb's Toxic Radiance  Pois           10%        N/A       52%         4
 Summon Cactus Giant      Summ           5%         N/A       100%        6
 Monstrous Menagerie      Summ           5%         N/A       100%        7


Dungeon Overview and Level Annotations

Branches:
Dungeon (7/15)             Temple (1/1) D:5

Altars:
Ashenzari
Cheibriados
Dithmenos
Elyvilon
Fedhas
Gozag
Hepliaklqana
Nemelex Xobeh
Okawaru
Qazlal
Ru
Sif Muna
Trog
Uskayaw
Wu Jian
Xom
Yredelemnul
Zin
The Shining One


Innate Abilities, Weirdness & Mutations

You are a tree.
Your roots penetrate the ground, keeping you stationary.
You cannot be teleported.
You are immune to unholy pain and torment.
Your maximum health is greatly increased.
Your equipment is partially melded.
((You can breathe waves of freezing cold which knock back foes.))
((Your icy white scales are hard. (AC +7)))
You cannot fit into any form of body armour.
((Your flesh is cold resistant. (rC+)))
((You are cold-blooded and may be slowed by cold attacks.))


Message History

The sleepcap is almost destroyed.
Your +3 whip of Past Mistakes {spect, Fly Str-2 Dex+6} hits the sleepcap.
You destroy the sleepcap!
Casting: Iskenderun's Mystic Blast (dangerous; 5% risk of failure)
Press: ? - help, Q - select action, (/) - cycle Dir - look around, f - activate You erupt in a blast of force!
The mystic blast hits the steam dragon!
The steam dragon is almost dead.
The steam dragon is knocked back by the mystic blast.
The steam dragon breathes steam at you. The ball of steam hits you!!
* * * LOW HITPOINT WARNING * * *
You reach down and open the door.
You are engulfed in a cloud of scalding steam.
Found 16 gold pieces.
Found a basalt altar of Yredelemnul.
There is an open door here.
It was a potion of lignification.
You turn into a tree.
Your +0 cloak melds into your body.
Your +0 hat melds into your body.
Your +0 pair of gloves melds into your body.
Your +2 pair of boots melds into your body.
Your roots penetrate the ground.
The steam dragon breathes steam at you.
The ball of steam hits you but does no damage.
You are engulfed in a cloud of scalding steam.
* * * LOW HITPOINT WARNING * * *
It was a potion of heal wounds.
You feel much better.
You are engulfed in a cloud of scalding steam.
You barely miss the steam dragon.
The steam dragon is severely wounded.
The steam dragon bites you!
* * * LOW HITPOINT WARNING * * *
The steam dragon claws you.
* * * LOW HITPOINT WARNING * * *
You closely miss the steam dragon.
The steam dragon is severely wounded.
The steam dragon bites you.
* * * LOW HITPOINT WARNING * * *
The steam dragon completely misses you. The steam dragon breathes steam at you.
The ball of steam hits you!!
You die...

...#.....##............#....#
...###.................##.###
....#.......D...............##
#......##..§.§<..............##
###......##.§..........).......#
#.......##..#§#.........)))....#
##.. ##......#§............>##..#
...# #.....###.#D#........).##.##
...# ##........#♣#........)#####
...###.†.......#.#............#
...............#.#............###
..............##.##.#####.......#
..†...........#.$.# #.#.#......
.....$........#._. #..........
†.............#... ###......##.#
..............##.##.#........####
............... #............###


You could see a steam dragon (catching breath).

Vanquished Creatures
  A wyvern (D:6)
  Edmund (D:4)
  An orc warrior (D:7)
  3 ice beasts (D:6)
  A black bear (D:5)
  2 ogres
  A centaur (D:5)
  3 kobold brigands
  A phantom (D:5)
  3 scorpions
  5 bullfrogs
  4 howler monkeys (D:7)
  3 jellies
  4 orc priests
  6 hounds
  An iron imp (D:6)
  2 sleepcaps
  Terence (D:2)
  An iguana (D:6)
  2 orc wizards
  6 adders
  3 shadow imps
  An ufetubus (D:6)
  3 worms
  A dart slug (D:1)
  10 orcs
  3 bats (D:1)
  15 endoplasms
  3 giant cockroaches
  7 goblins
  5 hobgoblins
  2 jackals (D:1)
  A quokka (D:1)
  4 ball pythons
  2 frilled lizards
  17 kobolds
  4 rats
133 creatures vanquished.

Vanquished Creatures (others)
  4 fungi (D:3)
  3 plants (D:5)
  6 toadstools (D:3)
13 creatures vanquished.

Grand Total: 146 creatures vanquished

Notes
Turn   | Place    | Note
-------+----------+-------------------------------------------
     0 | D:1      | NinjaNoafa the Draconian Conjurer began the quest for the
                  | Orb.
     0 | D:1      | Reached XP level 1. HP: 14/14 MP: 3/3
     0 | D:1      | Upgraded the game from 0.30-a0-883-g5ad918d77d to
                  | 0.30-a0-918-g0ff054e9dc
   164 | D:1      | Reached XP level 2. HP: 20/20 MP: 0/5
   357 | D:1      | Learned a level 2 spell: Searing Ray
   664 | D:1      | Reached XP level 3. HP: 26/26 MP: 5/7
   859 | D:2      | Noticed Terence
   883 | D:2      | Killed Terence
   884 | D:2      | Reached skill level 3 in Spellcasting
  1348 | D:2      | Reached XP level 4. HP: 33/33 MP: 0/8
  1555 | D:3      | Identified the +8 hand axe "NinjaNoafa's Doom" {venom,
                  | Str+3}
  1559 | D:3      | Found a hazy altar of Hepliaklqana.
  1702 | D:3      | Reached skill level 5 in Conjurations
  1725 | D:3      | Found a faded altar of an unknown god.
  1881 | D:3      | Got the Handbook of the Wendigo and Leadership
  2219 | D:4      | Noticed Edmund
  2256 | D:4      | Noticed a scorpion
  2260 | D:4      | Learned a level 2 spell: Momentum Strike
  2268 | D:4      | Killed a scorpion
  2269 | D:4      | Reached skill level 4 in Spellcasting
  2269 | D:4      | Reached XP level 5. HP: 38/38 MP: 0/11
  2479 | D:4      | Killed Edmund
  2480 | D:4      | Reached XP level 6. HP: 40/45 MP: 0/13
  2590 | D:4      | Reached skill level 5 in Spellcasting
  2763 | D:4      | Found a stormy altar of Qazlal.
  2770 | D:4      | Found a shadowy altar of Dithmenos.
  2972 | D:5      | Entered Level 5 of the Dungeon
  2998 | D:5      | Reached skill level 1 in Translocations
  3022 | D:5      | Your scales start taking on an icy white colour.
  3022 | D:5      | Reached XP level 7. HP: 50/50 MP: 10/15
  3022 | D:5      | Gained mutation: Your flesh is cold resistant. (rC+) [White
                  | Draconian growth]
  3047 | D:5      | Reached skill level 6 in Spellcasting
  3176 | D:5      | Found a glowing silver altar of Zin.
  3456 | D:5      | Found a staircase to the Ecumenical Temple.
  3527 | Temple   | Entered the Ecumenical Temple
  3775 | D:6      | Reached XP level 8. HP: 50/57 MP: 3/18
  3779 | D:6      | Learned a level 2 spell: Blink
  3784 | D:6      | Learned a level 4 spell: Iskenderun's Mystic Blast
  3844 | D:6      | Found a snail-covered altar of Cheibriados.
  3913 | D:6      | Identified the +3 whip of Past Mistakes {spect, Fly Str-2
                  | Dex+6}
  3969 | D:6      | Reached skill level 7 in Spellcasting
  4144 | D:6      | Found an opulent altar of Gozag.
  4212 | D:6      | Reached skill level 5 in Translocations
  4507 | D:7      | Reached skill level 8 in Spellcasting
  4594 | D:7      | Reached XP level 9. HP: 62/62 MP: 8/21
  4692 | D:7      | Reached skill level 9 in Spellcasting
  4819 | D:7      | Identified the +7 chain mail of the Black Moon {rN+ Will+
                  | Dex+2}
  4876 | D:7      | Found a basalt altar of Yredelemnul.
  4883 | D:7      | Killed from afar by a steam dragon

Illustrated notes

Levels and vault maps discovered:
D:1:      erik_arrival_blinker_ship, layout_loops_ring, minmay_misc_feat_cross
D:2:      layout_basic, uniq_terence, uniq_jessica
D:3:      cheibrodos_fertilizer, layout_basic, amcnicky_altar_gilded,
          basic_ecumenical_altar
D:4:      layout_cave_pools, mainiacjoe_overflow_big_doors,
          nicolae_concentric_dashed_squares_mild, uniq_edmund
D:5:      layout_cave_pools, mainiacjoe_overflow_alcove_2,
          minmay_temple_entry_nine_rooms, serial_bayou_ford_a, st_stairs_13,
          amcnicky_mini_rare_corridor_liquid
D:6:      minmay_diamond_boxcup, layout_gridville, slow_altar_2,
          old_standard_altar
D:7:      layout_cave_pools, mainiacjoe_overflow_surrounded_room
Temple:   chequers_temple_sunken

Skill      XL: |  1  2  3  4  5  6  7  8  9 |
---------------+----------------------------+-----
Spellcasting   | 3 4 5 6 8 9 |  9.7
Conjurations   | 5 6 |  6.0
Translocations | 1 4 6 |  6.0
Dodging        | |  1.7
Stealth        | |  1.7

Action                     |  1- 3 |  4- 6 |  7- 9 || total
---------------------------+-------+-------+-------++-------
  Melee: Unarmed           |    23 |       |       ||    23
         Tailslap          |     2 |     2 |     3 ||     7
         Dagger            |     6 |       |       ||     6
         Short sword       |    15 |       |       ||    15
         Hand axe          |       |    26 |     2 ||    28
         Whip              |       |       |    23 ||    23
   Cast: Magic Dart        |    50 |    23 |     6 ||    79
         Searing Ray       |     5 |    13 |    23 ||    41
         Momentum Strike   |       |     8 |    16 ||    24
         Iskenderun's Myst |       |       |    15 ||    15
         Blink             |       |       |     2 ||     2
Ability: Breathe Frost     |       |       |    17 ||    17
    Use: Potion            |       |       |     2 ||     2
   Stab: Sleeping          |       |     1 |       ||     1
 Armour: Skin              |    29 |    10 |    35 ||    74
  Dodge: Dodged            |    70 |    53 |    86 ||   209

Table legend: (Time is in decaauts)
 A = Elapsed time spent in this place.
 B = Non-inter-level travel time spent in this place.
 C = Inter-level travel time spent in this place.
 D = Time resting spent in this place.
 E = Time spent auto-exploring this place.
 F = Levels seen in this place.
 G = Mean time per level.
                   A        B        C        D        E       F      G
               +--------+--------+--------+--------+--------+-----+--------+
         Total |   4956 |   4429 |    527 |    172 |   2912 |   8 |  619.5 |
       Dungeon |   4721 |   4223 |    498 |    172 |   2733 |   7 |  674.4 |
        Temple |    235 |    206 |     29 |      0 |    178 |   1 |  235.0 |
               +--------+--------+--------+--------+--------+-----+--------+

Top non-repeatable levels by time:
     D:3: 944 daAuts
     D:6: 731 daAuts
     D:1: 724 daAuts
     D:2: 710 daAuts
     D:4: 622 daAuts
     D:5: 606 daAuts
     D:7: 381 daAuts
  Temple: 235 daAuts
